 Dungeon Crawl Stone Soup version 0.25-a0-571-gb5e01bddfa (webtiles) character file.

Game seed: 8690788928493940146, levelgen mode: deterministic

15453 Gargoyl the Cleaver (level 12, -4/100 HPs)
             Began as a Centaur Abyssal Knight on Feb 29, 2020.
             Was a High Priest of Lugonu.
             Slain by a white ugly thing (23 damage)
             ... on level 11 of the Dungeon.
             The game lasted 00:19:34 (13830 turns).

Gargoyl the Cleaver (Centaur Abyssal Knight)       Turns: 13830, Time: 00:19:35

Health: -4/100     AC: 13    Str: 22    XL:     12   Next: 1%
Magic:  18/18      EV:  6    Int: 15    God:    Lugonu [*****.]
Gold:   415        SH: 11    Dex: 12    Spells: 11/11 levels left

rFire    . . .     SeeInvis .   d - +2 hand axe (elec)
rCold    . . .     Gourm    .   C - +0 kite shield
rNeg     + . .     Faith    .   e - +0 chain mail of Veosot {rElec MR- Int+4 Slay+3}
rPois    .         Spirit   .   k - +0 helmet
rElec    +         Reflect  +   s - +0 cloak
rCorr    .         Harm     .   (no gloves)
MR       .....                  (no barding)
Stlth    ..........             o - +3 amulet of reflection
HPRegen  0.26/turn              r - +5 ring of strength
MPRegen  0.16/turn              p - ring of positive energy

@: studying Throwing, very quick
A: large, hooves 3, deformed body, speed 2, tough skin 3
a: Depart the Abyss, Bend Space, Banish, Corrupt, Enter the Abyss, Renounce
Religion


You were on level 11 of the Dungeon.
You worshipped Lugonu.
Lugonu was extremely pleased with you.
You were hungry.

You visited 2 branches of the dungeon, and saw 12 of its levels.
You visited the Abyss 1 time.

You collected 634 gold pieces.
You spent 219 gold pieces at shops.

Inventory:

Hand Weapons
 a - a +2 hand axe
 d - a +2 hand axe of electrocution (weapon)
 D - a +2 scimitar of flaming
Armour
 e - the +0 chain mail of Veosot (worn) {rElec MR- Int+4 Slay+3}
   (You found it on level 2 of the Abyss)

   It affects your intelligence (+4).
   It affects your accuracy and damage with ranged weapons and melee attacks
   (+3).
   It insulates you from electricity.
   It affects your resistance to hostile enchantments.
   If you remove this armour, your AC will decrease by 8 (13 -> 5).
 k - a +0 helmet (worn)
 s - a +0 cloak (worn)
 C - a +0 kite shield (worn)
Jewellery
 o - a +3 amulet of reflection (around neck)
 p - a ring of positive energy (right hand)
 r - a +5 ring of strength (left hand)
 y - an uncursed ring of protection from cold
 z - an uncursed ring of see invisible
Wands
 v - a wand of paralysis (10)
Scrolls
 b - 6 scrolls of blinking
 g - a scroll of identify
 i - 6 scrolls of remove curse
 q - a scroll of fog
 t - 7 scrolls of teleportation
Potions
 f - 2 potions of haste
 h - a potion of lignification
 j - 2 potions of resistance
 l - 4 potions of curing
 m - a potion of invisibility
 n - 4 potions of flight
 w - 2 potions of ambrosia {unknown}
 x - 3 potions of mutation {unknown}
 A - a potion of stabbing {unknown}
 B - 2 potions of brilliance {unknown}
 E - 2 potions of heal wounds
Books
 u - a manual of Throwing
Comestibles
 c - 30 rations


   Skills:
 + Level 7.0 Fighting
 + Level 9.3 Axes
 * Level 9.0 Armour
 * Level 5.6 Dodging
 + Level 1.7 Shields
 * Level 8.5 Invocations
 + Level 0.6 Evocations


You had 11 spell levels left.
You didn't know any spells.
Your spell library contained the following spells:

 Spells                   Type           Power        Failure   Level  Hunger
 Animate Skeleton         Necr           N/A          100%        1    ##.....
 Apportation              Tloc           #.....       100%        1    ##.....
 Corona                   Hex            #......      100%        1    ##.....
 Foxfire                  Conj/Fire      #...         100%        1    ##.....
 Magic Dart               Conj           #...         100%        1    ##.....
 Sting                    Tmut/Pois      #...         100%        1    ##.....
 Summon Small Mammal      Summ           #...         100%        1    ##.....
 Call Imp                 Summ           #.......     100%        2    ###....
 Poisonous Vapours        Pois/Air       #.....       100%        2    ###....
 Searing Ray              Conj           #.....       100%        2    ###....
 Call Canine Familiar     Summ           #.......     100%        3    ####...
 Conjure Flame            Conj/Fire      #.......     100%        3    ####...
 Dazzling Flash           Conj/Hex       #.....       100%        3    ####...
 Ignite Poison            Fire/Tmut/Pois #.......     100%        3    ####...
 Inner Flame              Hex/Fire       #.......     100%        3    ####...
 Mephitic Cloud           Conj/Pois/Air  #.......     100%        3    ####...
 Summon Guardian Golem    Hex/Summ       #.......     100%        3    ####...
 Fulminant Prism          Conj/Hex       #.........   100%        4    #####..
 Iskenderun's Mystic Bla  Conj/Tloc      #.......     100%        4    #####..
 Olgreb's Toxic Radiance  Pois           #.......     100%        4    #####..
 Sticky Flame             Conj/Fire      #.......     100%        4    #####..
 Summon Ice Beast         Ice/Summ       #.......     100%        4    #####..
 Summon Lightning Spire   Summ/Air       #.......     100%        4    #####..
 Fireball                 Conj/Fire      #.........   100%        5    ######.


Dungeon Overview and Level Annotations

Branches:
Dungeon (11/15)            Temple (0/1) D:5            Lair (1/6) D:9
    Orc (0/2) D:9

Altars:
Cheibriados
Dithmenos
Gozag
Kikubaaqudgha
Makhleb
Okawaru
Qazlal
Ru
Sif Muna
Trog
Xom
Yredelemnul
The Shining One

Shops:
D:4 =?[*


Innate Abilities, Weirdness & Mutations

You have hooves in place of feet.
Armour fits poorly on your strangely shaped body.
You cover ground very quickly.
You have extremely tough skin. (AC +3)


Message History

The white ugly thing is lightly wounded.
The white ugly thing bites you but does no damage.
You hit the white ugly thing.
Lightning courses through the white ugly thing!!
Your kick misses the white ugly thing.
The white ugly thing is heavily wounded.
The white ugly thing bites you! The white ugly thing freezes you!!
* * * LOW HITPOINT WARNING * * *
You hit the white ugly thing. You kick the white ugly thing.
The white ugly thing is severely wounded.
The white ugly thing bites you but does no damage.
You hit the white ugly thing. Your kick misses the white ugly thing.
The white ugly thing is severely wounded.
The white ugly thing barely misses you.
You hit the white ugly thing.
The white ugly thing is almost dead.
The white ugly thing bites you.
* * * LOW HITPOINT WARNING * * *
The white ugly thing freezes you!!
You die...

#.......#
#)......#.......
........#.......#
........#........
......#.......#
....#.......#
#u.#.......#
#.@#.......#
#..........#
#.##.......# #.
#.......# #.
#.......# . #.
#...##..######..
#.
#...##..........
#.
#...##..........
#...##........(.


You could see a white ugly thing.

Vanquished Creatures
  3 two-headed ogres
  Erica (D:8)
  An unseen horror (D:10)
  Pikel (D:9)
  A centaur zombie (D:11)
  Joseph (D:8)
  A spiny frog (Lair:1)
  Maggie (D:8)
  A centaur skeleton (D:10)
  A kobold demonologist (D:11)
  A tengu conjurer (D:11)
  3 trolls
  Prince Ribbit (D:8)
  3 hippogriffs
  6 yaks
  A human (D:7)
  2 wyverns
  A vampire mosquito (D:11)
  2 wraiths (D:7)
  3 hogs (D:7)
  A hungry ghost (D:10)
  Menkaure (D:7)
  2 acid dragons (D:11)
  A water moccasin (D:8)
  3 sky beasts
  4 orc warriors
  A phantom (D:6)
  4 ice beasts
  2 necrophages (D:7)
  A slave (D:9)
  7 ogres
  5 centaurs
  An elf zombie (D:7)
  2 big kobolds (D:9)
  8 bullfrogs
  4 gnoll sergeants (D:9)
  A water moccasin zombie (D:8)
  6 scorpions
  12 killer bees (D:9)
  4 wights (D:10)
  A howler monkey (D:8)
  2 bullfrog zombies
  5 orc wizards
  6 hounds
  2 jellies (D:10)
  A gnoll shaman (D:9)
  5 human zombies (D:7)
  8 orc priests
  2 bullfrog skeletons
  7 worker ants
  3 iguanas
  2 mummies (D:7)
  2 worker ant zombies
  19 adders
  4 gnolls (D:9)
  A howler monkey skeleton (D:7)
  A shadow imp (D:9)
  2 adder skeletons
  5 worms
  4 dart slugs
  3 leopard geckos
  22 orcs
  5 bats (D:1)
  2 giant cockroaches (D:2)
  4 hobgoblins
  13 jackals
  9 kobolds
  8 quokkas
  A giant cockroach zombie (D:5)
  14 rats
  A withered plant (D:7)
269 creatures vanquished.

Vanquished Creatures (others)
  A meliai (D:11)
  2 slaves (D:9)
  An adder (D:9)
  A gnoll (D:9)
  2 plants (D:9)
  2 starspawn tentacles (Abyss:1)
9 creatures vanquished.

Grand Total: 278 creatures vanquished

Notes
Turn   | Place    | Note
-------+----------+-------------------------------------------
     0 | Abyss:1  | Gargoyl the Centaur Abyssal Knight began the quest for the
                  | Orb.
     0 | Abyss:1  | Reached XP level 1. HP: 19/19 MP: 2/2
    66 | Abyss:1  | Found a hide-covered altar of Uskayaw.
    66 | Abyss:1  | Noticed a small abomination
    70 | Abyss:1  | Noticed a small abomination
   146 | Abyss:1  | Noticed an iron imp
   169 | Abyss:1  | Noticed a tentacled starspawn
   172 | Abyss:1  | Noticed an iron imp
   188 | Abyss:1  | Noticed a small abomination
   191 | Abyss:1  | Noticed a small abomination
   234 | Abyss:1  | Noticed a small abomination
   243 | Abyss:1  | Noticed a large abomination
   264 | Abyss:1  | Noticed a large abomination
   266 | Abyss:1  | Noticed a ynoxinul
   315 | Abyss:1  | Noticed a large abomination
   322 | Abyss:1  | Noticed a bone dragon
   330 | Abyss:1  | Noticed an ancient zyme
   400 | Abyss:2  | Got a bloodstained chain mail
   413 | Abyss:2  | Identified the +0 chain mail of Veosot {rElec MR- Int+4
                  | Slay+3} (You found it on level 2 of the Abyss)
   414 | Abyss:3  | Noticed a worldbinder
   416 | Abyss:3  | Noticed a blink frog
   441 | Abyss:3  | Noticed a small abomination
   441 | Abyss:3  | Noticed a worldbinder
   447 | Abyss:3  | Noticed a dream sheep
   448 | Abyss:3  | Noticed a blink frog
   448 | Abyss:3  | Noticed a blink frog
   448 | Abyss:3  | Noticed a spiny frog
   463 | Abyss:3  | Noticed an ancient zyme
   466 | Abyss:3  | Noticed a smoke demon
   469 | Abyss:3  | Noticed a raiju
   470 | Abyss:3  | Noticed a hell hound
   471 | D:1      | Escaped the Abyss
   905 | D:1      | Reached * piety under Lugonu
   905 | D:1      | Reached XP level 2. HP: 26/26 MP: 3/3
  1632 | D:2      | Reached skill level 1 in Dodging
  1632 | D:2      | Reached XP level 3. HP: 30/31 MP: 4/4
  2175 | D:2      | Found a snail-covered altar of Cheibriados.
  2178 | D:2      | Found a shimmering altar of Xom.
  2186 | D:2      | Reached XP level 4. HP: 38/38 MP: 5/5
  2199 | D:2      | Found a stormy altar of Qazlal.
  2425 | D:3      | Reached ** piety under Lugonu
  2864 | D:3      | Found a glowing golden altar of the Shining One.
  3097 | D:4      | Reached XP level 5. HP: 44/46 MP: 7/7
  3422 | D:4      | Found Zafush's Jewellery Shoppe.
  3425 | D:4      | Bought a +3 amulet of reflection for 219 gold pieces
  3458 | D:4      | Found a shimmering blue altar of Sif Muna.
  3577 | D:4      | Found Ynutuwn's Assorted Antiques.
  3607 | D:4      | Found Biwan's Magic Scroll Boutique.
  3609 | D:4      | Found Zyvuzus's Armour Shoppe.
  3820 | D:5      | Entered Level 5 of the Dungeon
  3836 | D:5      | Noticed a centaur
  3844 | D:5      | Killed a centaur
  3844 | D:5      | Reached XP level 6. HP: 27/52 MP: 8/8
  4046 | D:5      | Found a shadowy altar of Dithmenos.
  4229 | D:5      | Noticed an ice beast
  4234 | D:5      | Killed an ice beast
  4316 | D:5      | Reached XP level 7. HP: 43/59 MP: 9/9
  4453 | D:5      | Found a staircase to the Ecumenical Temple.
  4580 | D:5      | Noticed a moth of wrath
  4583 | D:5      | Found a bloodstained altar of Trog.
  5022 | D:6      | Found an opulent altar of Gozag.
  5094 | D:6      | Found a burning altar of Makhleb.
  5454 | D:6      | Reached XP level 8. HP: 67/67 MP: 11/11
  5661 | D:7      | Reached *** piety under Lugonu
  5772 | D:7      | Found an ancient bone altar of Kikubaaqudgha.
  5784 | D:7      | Reached skill level 5 in Axes
  5943 | D:7      | Reached skill level 5 in Fighting
  6103 | D:7      | Reached skill level 5 in Invocations
  6105 | D:7      | HP: 3/68 [orc priest/nerve-wracking pain (3)]
  6393 | D:6      | Reached skill level 5 in Armour
  6674 | D:7      | Noticed Menkaure
  6677 | D:7      | Killed Menkaure
  6677 | D:7      | Reached XP level 9. HP: 58/73 MP: 12/12
  6737 | D:7      | Found a basalt altar of Yredelemnul.
  6848 | D:7      | Reached **** piety under Lugonu
  7571 | D:8      | Reached XP level 10. HP: 49/81 MP: 14/14
  7732 | D:8      | Noticed Joseph
  7749 | D:8      | Killed Joseph
  8080 | D:8      | Noticed Prince Ribbit
  8087 | D:8      | Killed Prince Ribbit
  8381 | D:8      | Noticed Erica
  8392 | D:8      | Killed Erica
  8520 | D:8      | Noticed a two-headed ogre
  8538 | D:8      | Killed a two-headed ogre
  8550 | D:8      | Noticed Maggie
  8561 | D:8      | Killed Maggie
  8931 | D:9      | Noticed Pikel
  8939 | D:9      | Killed Pikel
  8985 | D:9      | Found a sacrificial altar of Ru.
  9166 | D:9      | Found an iron altar of Okawaru.
  9192 | D:9      | Reached XP level 11. HP: 55/90 MP: 16/16
  9209 | D:9      | Reached ***** piety under Lugonu
  9600 | D:9      | Found a staircase to the Lair.
  9976 | D:9      | Reached skill level 5 in Dodging
 10102 | D:9      | Found a staircase to the Orcish Mines.
 11291 | D:10     | Entered Level 10 of the Dungeon
 11317 | Lair:1   | Entered Level 1 of the Lair of Beasts
 11694 | D:10     | Noticed a two-headed ogre
 11703 | D:10     | Killed a two-headed ogre
 11727 | D:10     | Killed an unseen horror
 12050 | D:10     | Noticed a two-headed ogre
 12063 | D:10     | Killed a two-headed ogre
 12063 | D:10     | Reached skill level 1 in Shields
 13821 | D:11     | Noticed a white ugly thing
 13825 | D:11     | Reached XP level 12. HP: 77/100 MP: 18/18
 13830 | D:11     | Slain by a white ugly thing

Levels and vault maps discovered:
D:1:      dpeg_arrival_shelter, layout_loops_corners
D:2:      layout_loops_ring, minmay_overflow_temple_star_quad
D:3:      layout_rooms, nicolae_overflow_hidden_temple
D:4:      wad_lake_hut, layout_loops_cross, marbit_many_paths, serial_shops,
          shop, shop, shop, nicolae_shop_behind_doors, hex_medium,
          minmay_door_square, minivault_19
D:5:      layout_rooms, tgw_trog, temple_hall, first_ration,
          grunt_dithmenos_smoke_and_mirrors
D:6:      layout_loops_ring, lemuel_crystal_altar, kennysheep_mini_moat
D:7:      layout_basic, kiku_gazebo_garden_becter,
          lemuel_mausoleum_altar_yredelemnul, grunt_livestock, uniq_menkaure
D:8:      layout_loops_ring, uniq_prince_ribbit1, uniq_joseph, uniq_erica,
          uniq_maggie
D:9:      layout_basic, lemuel_doored_altar, dpeg_oklobed_lair,
          kennysheep_orc_monster_closet_entryway, okawaru_trees_2, uniq_pikel
D:10:     layout_layer_cave
D:11:     layout_long_grid, minmay_pinched_square
Lair:1:   layout_gridlike, minivault_11

Skill      XL: |  1  2  3  4  5  6  7  8  9 10 11 |
---------------+----------------------------------+-----
Axes           | 2 3 4 5 7 8 9 |  9.3
Dodging        | 1 2 3 4 5 |  5.6
Armour         | 2 3 4 5 6 7 9 |  9.0
Invocations    | 3 4 5 6 7 8 |  8.5
Fighting       | 4 5 6 7 |  7.0
Shields        | 1 |  1.7
Evocations     | |  0.6

Action                   |  1- 3 |  4- 6 |  7- 9 | 10-12 || total
-------------------------+-------+-------+-------+-------++-------
Melee: Hand axe          |    79 |    90 |   239 |   388 ||   796
       Kick              |    12 |    20 |    70 |   124 ||   226
Invok: Depart the Abyss  |     1 |       |       |       ||     1
       Banish            |       |       |       |     1 ||     1
Evoke: Wand              |       |       |       |     7 ||     7
  Use: Scroll            |     7 |     6 |     4 |     3 ||    20
       Potion            |       |       |     3 |     2 ||     5
 Stab: Paralysed         |       |       |       |    14 ||    14
  Eat: Chunk             |     2 |     6 |     8 |    19 ||    35
Armor: Chain mail        |    58 |    79 |   108 |   164 ||   409
       Skin              |       |       |       |    19 ||    19
Dodge: Dodged            |    26 |    15 |    50 |    88 ||   179
Block: Other             |       |     4 |    31 |    27 ||    62
       Kite shield       |       |       |       |    82 ||    82
       Reflection        |       |       |       |     3 ||     3

Table legend:
 A = Non-vault XP
 B = Vault XP
 C = Vault XP percentage of total XP
 D = Non-vault monster count
 E = Vault monster count
 F = Vault count percentage of total count
                 A         B        C        D         E       F
            +---------+---------+-------+---------+---------+-------
      Total |   12838 |    9239 |  41.8 |     205 |      64 |  23.8
            +---------+---------+-------+---------+---------+-------
        D:1 |      37 |       0 |   0.0 |      19 |       0 |   0.0
        D:2 |      66 |       0 |   0.0 |      14 |       0 |   0.0
        D:3 |      53 |       0 |   0.0 |      15 |       0 |   0.0
        D:4 |      67 |      13 |  16.2 |       7 |       1 |  12.5
        D:5 |     689 |      13 |   1.9 |      15 |       5 |  25.0
        D:6 |     666 |       0 |   0.0 |      18 |       0 |   0.0
        D:7 |    1141 |    2142 |  65.2 |      33 |      18 |  35.3
        D:8 |    2807 |    2035 |  42.0 |      23 |       4 |  14.8
        D:9 |    1971 |    2160 |  52.3 |      34 |      21 |  38.2
       D:10 |    4593 |       0 |   0.0 |      23 |       0 |   0.0
       D:11 |     245 |    2876 |  92.1 |       2 |      15 |  88.2
     Lair:1 |     503 |       0 |   0.0 |       2 |       0 |   0.0
            +---------+---------+-------+---------+---------+-------
